 Dungeon Crawl Stone Soup version 0.31.0-11-ge490571c62 (webtiles) character file.

Game seed: 12670221968184638351

18771158 Nilihum the Shapeless Troll (level 27, 323/323 HPs)
             Began as a Troll Shapeshifter on Feb 2, 2024.
             Was the Champion of Wu Jian.
             Escaped with the Orb
             ... and 15 runes
             ... and 1 gem on Feb 3, 2024!
             The game lasted 04:07:54 (82474 turns).

Nilihum the Shapeless Troll (Troll Shapeshifter)   Turns: 82474, Time: 04:07:55

Health: 323/323    AC: 46    Str: 44    XL:     27
Magic:  22/22      EV: 13    Int: 13    God:    Wu Jian [******]
Gold:   16113      SH: 30    Dex:  9    Spells: 26/26 levels left

rFire   + +          +
                       - Unarmed
rCold   + + .        E - +8 tower shield {AC+3}
rNeg    + + +        a - +12 gold dragon scales
rPois   ∞            J - +0 hat "Dunuk" {rF+ Str+2}
rElec   .            l - +1 cloak of the Pit {Will+ Str+2}
rCorr   +            (gloves unavailable)
SInv    .            (boots unavailable)
Will    +++++        G - amulet of Vitality {RegenMP++ Regen++} Stlth
                     Q - ring of Lalull {rPois Will+ rCorr}
HPRegen 3.13/turn    j - ring "Xigig" {rF+ rN+ Int+7 Stlth-}
MPRegen 0.98/turn

%: no passive effects
@: death-form, studying 3 skills
A: vile attack, torment immunity, no potions, large, unfitting armour, claws 3,
regeneration 1, shaggy fur 1, tough skin 1
0: Orb of Zot
}: 15/15 runes: decaying, serpentine, slimy, silver, golden, iron, obsidian,
icy, bone, abyssal, demonic, glowing, magical, fiery, dark
a: Siphon Essence, Begin Untransformation, Renounce Religion, Wall Jump,
Serpent's Lash, Heavenly Storm


You escaped.
You worshipped Wu Jian.
Wu Jian was exalted by your worship.
You were an undying horror.
You visited 18 branches of the dungeon, and saw 88 of its levels.
You visited Pandemonium 1 time, and saw 20 of its levels.
You visited the Abyss 3 times.
You visited 1 bazaar.
You also visited: Gauntlet and Ice Cave.

You collected 17352 gold pieces.
You spent 1239 gold pieces at shops.

Inventory:

Hand Weapons
 f - the +13 sceptre of Asmodeus
   (You took it off Asmodeus on level 7 of Gehenna)

   Fire Summon: It may summon demons of flame and damnation when striking foes.
 M - the +3 giant club "Skullcrusher" {speed, Str+7}
   (You found it on level 7 of Gehenna)

   Str+7:     It affects your strength (+7).
 T - the +6 sword of Cerebov {flame}
   (You took it off Cerebov in Pandemonium)
Armour
 a - +12 gold dragon scales (worn)
 l - the +1 cloak of the Pit (worn) {Will+ Str+2}
   (You bought it in a shop in a bazaar)

   Str+2:     It affects your strength (+2).
   Will+:     It increases your willpower.
 y - the orb of Dispater {+Damnation *Corrode AC+5}
   (You took it off Dispater on level 7 of the Iron City of Dis)

   +Damnation: It grants the ability to hurl damnation at the cost of health and
   magic, with strength depending on Evocations skill.
   AC+5:      It affects your AC (+5).
   *Corrode:  It may corrode you when you take damage.
 A - a scarf of resistance
 E - a +8 tower shield of protection (worn)
 J - the +0 hat "Dunuk" (worn) {rF+ Str+2}
   (You acquired it in Pandemonium)

   Str+2:     It affects your strength (+2).
   rF+:       It protects you from fire.
Jewellery
 b - a ring of see invisible
 e - a ring of protection from fire
 j - the ring "Xigig" (right claw) {rF+ rN+ Int+7 Stlth-}
   (You found it on level 3 of the Crypt)

   [ring of positive energy]

   Int+7:     It affects your intelligence (+7).
   rF+:       It protects you from fire.
   rN+:       It protects you from negative energy.
   Stlth-:    It makes you less stealthy.
 n - a ring of protection from cold
 v - the amulet of the Air {Inacc Air Fly rElec RMsl}
   (You found it on level 4 of the Vaults)

   [amulet of nothing]

   Inacc:     It reduces the accuracy of your attacks and spells.
   Air:       It enhances your air magic.
   rElec:     It insulates you from electricity.
   Fly:       It grants you flight.
   RMsl:      It protects you from missiles.
 D - a ring of willpower
 G - the amulet of Vitality (around neck) {RegenMP++ Regen++}
   (You found it in an ice cave)

   [amulet of magic regeneration]

   RegenMP:   It increases your rate of magic regeneration.
   Regen++:   It increases your rate of health regeneration.
 K - the amulet "Uffutim" {Faith -Cast rF+ rC++ Stlth+}
   (You found it on level 3 of the Elven Halls)

   [amulet of faith]

   Faith:     It allows you to gain divine favour quickly.
   rF+:       It protects you from fire.
   rC++:      It greatly protects you from cold.
   -Cast:     It prevents spellcasting.
   Stlth+:    It makes you more stealthy.
 N - the ring of Suspicion {Will+ AC+4 Dex+4}
   (You found it on level 3 of the Tomb of the Ancients)

   [ring of protection]

   AC+4:      It affects your AC (+4).
   Dex+4:     It affects your dexterity (+4).
   Will+:     It increases your willpower.
 Q - the ring of Lalull (left claw) {rPois Will+ rCorr}
   (You took it off a deep elf annihilator on level 3 of the Elven Halls)

   [ring of willpower]

   rPois:     It protects you from poison Will+: It increases your willpower.
   rCorr:     It protects you from acid and corrosion.
Talismans
 c - a beast talisman
 d - a flux talisman
 h - the serpent talisman "Caemon" {rN++ Int+4}
   (You took it off Aizul on level 4 of the Snake Pit)

   [serpent talisman]

   Int+4:     It affects your intelligence (+4).
   rN++:      It greatly protects you from negative energy.
 U - a granite talisman
 W - a talisman of death (active)
Wands
 k - a wand of mindburst (46)
 q - a wand of acid (89) (quivered)
 t - a wand of digging (16)
 x - a wand of roots (95)
Scrolls
 g - 19 scrolls of vulnerability
 p - 4 scrolls of silence
 r - 3 scrolls of blinking
 s - 22 scrolls of teleportation
 w - a scroll of enchant armour
 B - 56 scrolls of identify
 F - 8 scrolls of poison
 I - 7 scrolls of fear
 L - 4 scrolls of butterflies
 S - 3 scrolls of fog
 Y - 13 scrolls of immolation
Potions
 m - a potion of cancellation
 o - 14 potions of mutation
 u - 2 potions of invisibility
 z - 12 potions of enlightenment
 C - 10 potions of attraction
 H - 27 potions of curing
 O - 16 potions of might
 P - 2 potions of haste
 V - 14 potions of lignification
 X - 19 potions of heal wounds
 Z - a potion of resistance
Miscellaneous
 i - a figurine of a ziggurat
 R - a phantom mirror


   Skills:
 O Level 27 Fighting
 + Level 25.4 Armour
 + Level 24.2 Dodging
 + Level 24.9 Shields
 O Level 27 Unarmed Combat
 O Level 27 Shapeshifting


You had 26 spell levels left.
You didn't know any spells.
Your spell library contained the following spells:

 Spells                   Type           Power      Damage    Failure   Level
 Apportation              Tloc           0%         N/A       75%         1
 Foxfire                  Conj/Fire      0%         2x1d4     75%         1
 Kiss of Death            Conj/Necr      0%         2d5       75%         1
 Necrotise                Necr           0%         1d4       75%         1
 Sandblast                Erth           0%         2d4       75%         1
 Shock                    Conj/Air       0%         1d3       75%         1
 Slow                     Hex            0%         N/A       75%         1
 Sting                    Conj/Alch      0%         1d3       75%         1
 Summon Small Mammal      Summ           0%         N/A       75%         1
 Cigotuvi's Dreadful Rot  Necr/Alch/Air  0%         N/A       87%         2
 Ensorcelled Hibernation  Hex/Ice        0%         N/A       87%         2
 Jinxbite                 Hex            0%         N/A       87%         2
 Mercury Vapours          Alch/Air       0%         N/A       87%         2
 Static Discharge         Conj/Air       0%         3-3/arc   87%         2
 Call Canine Familiar     Summ           0%         N/A       98%         3
 Confusing Touch          Hex            0%         N/A       98%         3
 Dazzling Flash           Conj/Hex       0%         N/A       98%         3
 Frozen Ramparts          Ice            0%         1d1       98%         3
 Fugue of the Fallen      Necr           0%         N/A       98%         3
 Hailstorm                Conj/Ice       0%         3d5       98%         3
 Inner Flame              Hex/Fire       0%         N/A       98%         3
 Mephitic Cloud           Conj/Alch/Air  0%         N/A       98%         3
 Ozocubu's Armour         Ice            0%         N/A       98%         3
 Passwall                 Erth           0%         N/A       98%         3
 Sigil of Binding         Hex            0%         N/A       98%         3
 Stone Arrow              Conj/Erth      0%         3d7       98%         3
 Summon Ice Beast         Ice/Summ       0%         N/A       98%         3
 Swiftness                Air            0%         N/A       98%         3
 Tukima's Dance           Hex            0%         N/A       98%         3
 Vampiric Draining        Necr           0%         2d6       98%         3
 Volatile Blastmotes      Fire/Tloc      0%         2d10      98%         3
 Airstrike                Air            0%         2d(0-16)  100%        4
 Anguish                  Hex/Necr       0%         N/A       100%        4
 Animate Armour           Summ/Erth      0%         N/A       100%        4
 Animate Dead             Necr           0%         N/A       100%        4
 Brom's Barrelling Bould  Conj/Erth      0%         2d3       100%        4
 Cause Fear               Hex            0%         N/A       100%        4
 Dimensional Bullseye     Hex/Tloc       0%         N/A       100%        4
 Dispel Undead            Necr           0%         3d6       100%        4
 Flame Wave               Conj/Fire      0%         2d4       100%        4
 Fulminant Prism          Conj/Alch      0%         3d5       100%        4
 Ignite Poison            Fire/Alch      0%         N/A       100%        4
 Iskenderun's Mystic Bla  Conj/Tloc      0%         2d3       100%        4
 Leda's Liquefaction      Alch/Erth      0%         N/A       100%        4
 Manifold Assault         Tloc           0%         N/A       100%        4
 Martyr's Knell           Necr/Summ      0%         N/A       100%        4
 Olgreb's Toxic Radiance  Alch           0%         N/A       100%        4
 Passage of Golubria      Tloc           0%         N/A       100%        4
 Petrify                  Alch/Erth      0%         N/A       100%        4
 Sticky Flame             Fire/Alch      0%         2d4       100%        4
 Summon Blazeheart Golem  Fire/Summ      0%         N/A       100%        4
 Summon Lightning Spire   Summ/Air       0%         N/A       100%        4
 Vhi's Electric Charge    Tloc/Air       0%         N/A       100%        4
 Alistair's Intoxication  Alch           0%         N/A       100%        5
 Arcjolt                  Conj/Air       0%         1d10      100%        5
 Curse of Agony           Necr           0%         N/A       100%        5
 Freezing Cloud           Conj/Ice/Air   0%         6-21      100%        5
 Irradiate                Conj/Alch      0%         3d11      100%        5
 Iskenderun's Battlesphe  Conj           0%         2d6       100%        5
 Metabolic Englaciation   Hex/Ice        0%         N/A       100%        5
 Silence                  Hex/Air        0%         N/A       100%        5
 Summon Forest            Summ/Tloc      0%         N/A       100%        5
 Summon Mana Viper        Hex/Summ       0%         N/A       100%        5
 Yara's Violent Unravell  Hex/Alch       0%         3d3       100%        5
 Bombard                  Conj/Erth      0%         9d1       100%        6
 Conjure Ball Lightning   Conj/Air       0%         3x3d6     100%        6
 Death Channel            Necr           0%         N/A       100%        6
 Dispersal                Tloc           0%         N/A       100%        6
 Eringya's Noxious Bog    Alch           0%         4d6       100%        6
 Plasma Beam              Fire/Air       0%         2x1d10    100%        6
 Sculpt Simulacrum        Ice/Alch       0%         N/A       100%        6
 Starburst                Conj/Fire      0%         6d3       100%        6
 Summon Cactus Giant      Summ           0%         N/A       100%        6
 Enfeeble                 Hex            0%         N/A       100%        7
 Haunt                    Necr/Summ      0%         N/A       100%        7
 Malign Gateway           Summ/Tloc      0%         N/A       100%        7
 Monstrous Menagerie      Summ           0%         N/A       100%        7
 Orb of Destruction       Conj           0%         9d5       100%        7
 Ozocubu's Refrigeration  Ice            0%         4d7       100%        7
 Spellforged Servitor     Conj/Summ      0%         N/A       100%        7
 Summon Hydra             Summ           0%         N/A       100%        7
 Borgnjor's Revivificati  Necr           0%         N/A       100%        8
 Discord                  Hex            0%         N/A       100%        8
 Disjunction              Tloc           0%         N/A       100%        8
 Ignition                 Fire           0%         3d3       100%        8
 Infestation              Necr           0%         N/A       100%        8
 Lehudib's Crystal Spear  Conj/Erth      0%         10d2      100%        8
 Maxwell's Capacitive Co  Air            0%         ∞         100%        8
 Summon Horrible Things   Summ           0%         N/A       100%        8
 Chain Lightning          Conj/Air       0%         N/A       100%        9
 Death's Door             Necr           0%         N/A       100%        9
 Fire Storm               Conj/Fire      0%         5d1       100%        9
 Polar Vortex             Ice            0%         N/A       100%        9
 Shatter                  Erth           0%         3d5*      100%        9


Dungeon Overview and Level Annotations

Branches:
Dungeon (15/15)            Temple (1/1) D:5            Lair (5/5) D:11
  Swamp (4/4) Lair:3        Snake (4/4) Lair:3        Slime (5/5) Lair:5
    Orc (2/2) D:11            Elf (3/3) Orc:2        Vaults (5/5) D:14
  Crypt (3/3) Vaults:3       Tomb (3/3) Crypt:3      Depths (4/4) D:15
   Hell (visited)             Dis (7/7) Hell            Geh (7/7) Hell
    Coc (7/7) Hell            Tar (7/7) Hell            Zot (5/5) Depths:4
  IceCv (visited)         Gauntlet (visited)

Altars:
Ashenzari
Cheibriados
Dithmenos
Elyvilon
Fedhas
Gozag
Hepliaklqana
Kikubaaqudgha
Makhleb
Nemelex Xobeh
Okawaru
Qazlal
Ru
Sif Muna
Trog
Uskayaw
Vehumet
Wu Jian
Xom
Yredelemnul
Zin
The Shining One
Lugonu

Shops:
D:3 (   D:5 *   D:8 :[   D:11 (   Orc:2 *[(*(   Elf:1 [   Elf:2 !=[!   Elf:3 ?
Snake:1 :=:   Vaults:4 ?   Depths:3 ?

Portals:
Hell: Depths:1 Depths:2 Depths:3 Depths:4
Abyss: Lair:5 Depths:3
Pandemonium: Depths:2 Depths:3
Ziggurat: Depths:4
Trove: Vaults:3 (give 3 potions of resistance)

Annotations:
Depths:2 2 transporters
Coc:7 exclusion: 2 ice statues


Innate Abilities, Weirdness & Mutations

You are an undying horror.
Your melee and unarmed attacks drain, slow and weaken victims.
You are immune to unholy pain and torment.
You cannot drink.
You are immune to poison.
You are too large for most types of armour.
You have claws for hands.
Your natural rate of healing is unusually fast.
You are covered in fur. (AC +1)
You have tough skin. (AC +1)


Message History

The Hell Sentinel is severely wounded.
You block the Hell Sentinel's attack. x2
You claw the Hell Sentinel!
The Hell Sentinel decays.
The Hell Sentinel is severely wounded.
You eviscerate the Hell Sentinel!!!
You kill the Hell Sentinel!
The Council accepts your kill.
No target in view!
There is an escape hatch in the ceiling here.
A mysterious force pulls you upwards. The hatch slams shut behind you.
HP restored.
There is an open door here.
There is a stone staircase leading up here.
You climb upwards.
There is a stone staircase leading down here.
Press: ? - help, . - travel You can't see that place. [a stone staircase leading up.]
Things that are here:
a stone; a +3 whip
There is a stone staircase leading up here.
You climb upwards.
There is a stone staircase leading down here.
You enter the shallow water.
A Tzitzimitl comes into view.
You see here 3 stones.
Why would you want to do that? Why would you want to do that?
The Tzitzimitl gestures at you.
You convulse!
Why would you want to do that?
You eviscerate the Tzitzimitl!!!!
The Tzitzimitl decays.
The Tzitzimitl is almost dead.
You claw the Tzitzimitl!
You kill the Tzitzimitl!
The Council accepts your kill.
You start resting.
HP restored.
There is a staircase leading out of the dungeon here.
You have escaped!

..∩### .....#
########### ...#.#
#.#.#.#.#.## ..8#.#
#..#.#.#.#.# †..#.####
#.#.#.#.#.## .......(#
#..#.#.#.#.# .._####.#
#.#.≈≈≈≈~.## ......#.#
#..#≈...~#.# ......#.#
#.#.≈z..~.##
..8#..#.####..#≈(..~#.#
.#.#..#..)...#.≈≈≈≈~.##
##.#..#.......#.#.#.#.#
#.#..#..###.#.#.#.#.###
#.#..##.# #..#.#.#.#..#
##.#.....###.#.#.#.#.#.#
...#.###.......###.##..#
####..##.####.[.......##


There were no monsters in sight!

Vanquished Creatures
  Cerebov (Pan)
  Antaeus (Coc:7)
  Asmodeus (Geh:7)
  Ereshkigal (Tar:7)
  Mnoleg (Pan)
  the Royal Jelly (Slime:5)
  Gloorx Vloq (Pan)
  Ignacio (Pan)
  the Serpent of Hell (Coc:7)
  Lom Lobon (Pan)
  Tiamat (Zot:1)
  Frederick (Crypt:1)
  3 dread liches
  Dispater (Dis:7)
  Mara (Swamp:4)
  7 orbs of fire (Zot:5)
  4 ancient liches
  Mennas (Pan)
  3 juggernauts
  16 royal mummies
  Josephina (Depths:3)
  Sojobo (Depths:4)
  12 pandemonium lords (Pan)
  Parghit (Zot:1)
  Bai Suzhen (Snake:4)
  23 shard shrikes
  3 Killer Klowns (Zot:5)
  Margery (Vaults:3)
  Vashnia (Snake:4)
  4 curse toes (Zot:4)
  24 caustic shrikes
  Geryon (Hell)
  12 golden dragons
  Jory (Depths:3)
  5 profane servitors
  19 bone dragons
  11 doom hounds
  2 spectral shard shrikes
  16 iron giants
  19 Tzitzimimeh
  3 electric golems (Zot:5)
  23 Brimstone Fiends
  41 Hell Sentinels
  Zenata (Crypt:1)
  A walking crystal tome (Depths:3)
  25 tentacled monstrosities
  11 liches
  10 hellephants
  22 Ice Fiends
  9 quicksilver dragons
  26 Orb Guardians
  16 tainted leviathans
  29 searing wretches
  6 sphinxes
  4 deep elf blademasters
  11 titans
  Asterion (Elf:1)
  2 deep elf master archers (Elf:3)
  13 death cobs
  33 Executioners (Pan)
  19 acid blobs
  26 ancient champions
  A thorn hunter (Swamp:3)
  A tentacled starspawn (Abyss:2)
  17 storm dragons
  Agnes (Snake:4)
  6 revenants
  9 shadow dragons
  Aizul (Snake:4)
  Roxanne (D:15)
  13 protean progenitors
  The ghost of MrCrawl the Warrior, a journeyman MiBe of Trog (Swamp:1)
  7 tengu reavers
  6 draconian monks
  4 rockslimes (Slime:5)
  8 quicksilver elementals
  2 fenstrider witches
  12 fire giants
  14 azure jellies
  15 narguns
  10 deep elf sorcerers (Elf:3)
  21 frost giants
  9 nagarajas
  6 draconian shifters
  12 demonspawn warmongers (Pan)
  2 draconian scorchers
  3 draconian knights
  An angel (Pan)
  5 iron dragons
  18 vault wardens
  2 deep elf elementalists (Elf:3)
  8 draconian annihilators
  14 ghost moths
  57 balrugs
  A spectral caustic shrike (Tar:1)
  2 spectral juggernauts
  6 curse skulls
  7 shard shrike simulacra
  7 quicksilver oozes
  2 draconian stormcallers (Zot:1)
  2 broodmothers (Zot:2)
  An orc warlord (Orc:2)
  22 demonspawn corrupters (Pan)
  37 reapers
  3 spriggan defenders (Depths:4)
  20 ironbound preservers
  8 caustic shrike skeletons
  9 juggernaut skeletons (Pan)
  22 demonspawn blood saints (Pan)
  20 very ugly things
  21 stone giants
  27 cacodemons (Pan)
  A rockslime zombie (Crypt:2)
  6 ironbound thunderhulks
  8 green draconians
  7 formless jellyfish
  8 deep elf death magi
  30 lorocyprocas
  17 elemental wellsprings
  11 red draconians
  The ghost of Xerigekh the Fighter, a journeyman DsMo of Trog (D:14)
  26 war gargoyles
  12 black draconians
  11 deep elf annihilators
  23 vampire knights
  23 demonspawn black suns (Pan)
  4 yellow draconians
  Nessos (Orc:2)
  8 bennus
  2 eleionomae (Swamp:3)
  11 purple draconians
  10 deep elf demonologists
  20 putrid mouths
  A spectral titan (Tar:1)
  26 wendigos
  A minotaur (Gauntlet)
  5 white draconians
  18 dire elephants
  4 bunyips
  The ghost of Atreck the Severer, a journeyman MiBe of Trog (Lair:3)
  Snorg (Lair:5)
  18 mummy priests
  39 blizzard demons
  2 spectral quicksilver dragons
  The ghost of Ixoagrun the Bludgeoner, a journeyman MiFi of Okawaru (Lair:3)
  8 ettins
  17 green deaths
  9 iron golems
  21 yaktaur captains
  21 eidola
  A shambling mangrove (Swamp:4)
  10 fire dragons
  15 jiangshi
  39 vault guards
  9 deep elf high priests
  4 spectral spriggans
  2 entropy weavers
  A spectral tengu (Tar:1)
  8 juggernaut simulacra
  10 great orbs of eyes
  3 peacekeepers
  A spectral shadow dragon (Tar:1)
  7 hell beasts
  A quicksilver dragon skeleton (Crypt:1)
  17 rakshasas
  21 hydras
  7 spriggan air magi
  13 salamander tyrants
  A catoblepas (Vaults:4)
  An Orb Guardian zombie (Crypt:2)
  3 ironbound frosthearts
  A radroach (Zot:3)
  3 death knights
  2 jorogumos (Pan)
  6 alligators
  12 caustic shrike simulacra
  A ghost crab (Swamp:3)
  A sphinx zombie (D:15)
  14 anacondas
  12 ice dragons
  8 stokers
  A jorogumo (shapeshifter) (Vaults:5)
  A fenstrider witch skeleton (Crypt:1)
  A two-headed ogre (shapeshifter) (Vaults:5)
  A boulder beetle (Pan)
  23 centaur warriors
  4 death yaks
  24 demonic crawlers
  2 ogre magi
  A merfolk aquamancer (Pan)
  A spectral stone giant (Tar:1)
  73 death scarabs
  A satyr (Zot:2)
  2 two-headed ogres (Vaults:4)
  4 tengu warriors
  8 naga warriors
  17 vampire magi
  25 dancing weapons
  Urug (D:11)
  29 hell hogs
  9 deep troll shamans
  5 deep troll earth magi
  13 thrashing horrors
  10 shock serpents
  2 shock serpents (shapeshifter)
  A spectral orc (Tar:1)
  An occultist (Depths:3)
  A titan zombie (Crypt:3)
  3 spriggan berserkers
  3 storm dragon zombies
  Nergalle (D:11)
  16 naga sharpshooters
  2 orc high priests (Orc:2)
  140 sun demons
  11 crystal echidnas
  9 hell knights
  2 hellephant skeletons (Pan)
  58 soul eaters
  A fire crab (shapeshifter) (Elf:1)
  11 deep elf knights
  35 skeletal warriors
  21 shadow wraiths
  A sea snake (shapeshifter) (Vaults:5)
  5 goliath frogs
  A spatial maelstrom (Abyss:3)
  A spectral anaconda (Tar:6)
  2 wretched stars (Abyss:3)
  3 salamander mystics
  45 sixfirhies
  5 iron trolls
  7 quicksilver dragon simulacra
  46 deep trolls
  3 golden dragon zombies
  A spark wasp zombie (Depths:1)
  4 glowing orange brains
  A sea snake (Snake:1)
  25 shadow demons (Pan)
  A bunyip zombie (Tomb:1)
  2 anaconda zombies
  5 spriggan druids
  7 flayed ghosts
  13 sun moths (Pan)
  3 bog bodies
  6 spriggan simulacra
  11 deep elf archers
  A golden dragon skeleton (Crypt:3)
  3 death drakes
  10 swamp dragons
  11 mana vipers
  3 orc knights
  28 deep elf zephyrmancers
  4 naga ritualists
  A deep troll (shapeshifter) (Vaults:5)
  6 lindwurms
  A shadow dragon zombie (Crypt:3)
  A steelbarb worm (shapeshifter) (Vaults:5)
  5 harpies
  2 arcanists
  57 large abominations
  A fenstrider witch simulacrum (Crypt:1)
  A lindwurm (shapeshifter) (Depths:4)
  A spectral iron dragon (Tar:2)
  11 ironbound convokers
  22 phantasmal warriors
  A bunyip skeleton (Tomb:3)
  27 deep elf pyromancers
  A spectral fire dragon (Tar:1)
  2 alligator zombies (Hell)
  4 anaconda skeletons
  A sphinx simulacrum (Depths:3)
  2 shining eyes (shapeshifter)
  7 necromancers
  2 orc sorcerers
  2 manticores
  A worldbinder (Abyss:3)
  5 shining eyes
  35 ugly things
  2 spectral centaurs (Tar:1)
  27 moths of wrath
  A stone giant zombie (Crypt:1)
  11 salamanders
  6 will-o-the-wisps
  An elephant (shapeshifter) (Vaults:5)
  22 vault sentinels
  5 cyclopes
  3 Executioner simulacra (Pan)
  6 meliai
  10 elephants
  A dire elephant zombie (Crypt:1)
  Joseph (D:7)
  10 rust devils
  An iron dragon skeleton (Crypt:1)
  2 centaur zombies
  60 smoke demons
  A black mamba (shapeshifter) (Elf:1)
  6 ice statues
  An alligator snapping turtle zombie (Crypt:3)
  10 guardian serpents
  2 kobold blastminers (Orc:2)
  27 black mambas
  A stone giant skeleton (Tomb:3)
  A torpor snail (Lair:5)
  18 naga magi
  4 eyes of devastation
  3 gargoyles
  16 cane toads
  3 centaur skeletons
  30 orange demons (Pan)
  8 titan simulacra
  A torpor snail (shapeshifter) (Depths:1)
  2 naga zombies
  An unseen horror (shapeshifter) (Lair:5)
  A red draconian zombie (Crypt:1)
  A naga skeleton (Tomb:1)
  A minotaur zombie (Gauntlet)
  11 komodo dragons
  An emperor scorpion simulacrum (Crypt:1)
  27 hellions
  2 kobold demonologists (D:14)
  2 rime drakes (shapeshifter)
  6 efreet
  A white draconian zombie (Zot:4)
  2 sea snake zombies (Hell)
  12 freezing wraiths
  An unseen horror (D:10)
  49 yaktaurs
  2 golden dragon simulacra (Coc:3)
  2 bunyip simulacra (Coc:2)
  A spark wasp simulacrum (Depths:1)
  10 anaconda simulacra
  A rime drake (Lair:4)
  A black draconian skeleton (Crypt:2)
  32 tormentors
  An iron troll zombie (Crypt:1)
  2 iron giant simulacra
  13 ice devils
  5 trolls
  3 tengu conjurers
  12 red devils (Pan)
  6 spectral harpies
  A great orb of eyes zombie (Crypt:1)
  4 silent spectres
  A polar bear (shapeshifter) (Elf:1)
  2 polar bears
  A hydra skeleton (Hell)
  34 guardian mummies
  A tengu simulacrum (Depths:3)
  A queen bee (shapeshifter) (D:13)
  2 trolls (shapeshifter)
  11 tyrant leeches
  9 hornets
  2 alligator simulacra
  6 harpy zombies
  2 hornets (shapeshifter)
  16 wind drakes (Pan)
  32 hellwings (Pan)
  5 raiju
  A harpy skeleton (Crypt:1)
  2 glass eyes
  A raiju (shapeshifter) (Elf:1)
  A radroach zombie (Crypt:3)
  26 blink frogs
  A moth of wrath zombie (Zot:4)
  2 spriggan zombies
  2 stone giant simulacra
  An air elemental (Elf:1)
  3 dream sheep (Lair:5)
  A snapping turtle (shapeshifter) (Depths:3)
  An ettin zombie (Crypt:1)
  A fire dragon zombie (Crypt:3)
  72 slime creatures
  A jumping spider (shapeshifter) (Lair:5)
  An ettin skeleton (Tomb:1)
  A spriggan (shapeshifter) (Elf:1)
  2 centaur simulacra
  9 spriggans
  14 small abominations
  73 ynoxinuls
  5 dire elephant simulacra
  19 vampires
  A black mamba zombie (Tomb:3)
  A wyvern (shapeshifter) (D:9)
  5 wyverns
  5 wraiths
  51 yaks
  2 fire elementals
  3 shadows
  A slime creature zombie (Crypt:3)
  A basilisk (shapeshifter) (Elf:1)
  8 basilisks
  5 steam dragons
  8 water elementals
  6 golden eyes (Slime:1)
  An alligator snapping turtle simulacrum (Coc:1)
  31 neqoxecs
  A warg (Orc:2)
  21 ushabtiu
  9 redbacks
  A redback (shapeshifter) (Vaults:5)
  18 vampire mosquitoes
  Menkaure (D:7)
  A death yak simulacrum (IceCv)
  86 chaos spawn
  17 harpy simulacra
  A swamp worm (shapeshifter) (Vaults:5)
  A fire bat zombie (Crypt:1)
  31 nagas
  16 swamp worms
  2 hydra simulacra
  A cane toad zombie (Crypt:1)
  Edmund (D:6)
  5 spatial vortices (Abyss:3)
  A two-headed ogre zombie (Crypt:3)
  24 water moccasins
  4 hell hounds (Hell)
  An acid dragon (D:11)
  4 black bears
  7 swamp drakes
  4 ice beasts
  A black bear (shapeshifter) (Elf:1)
  29 laughing skulls
  31 orc warriors
  6 ettin simulacra
  A black mamba simulacrum (Coc:1)
  25 wolves
  12 ogres
  6 boggarts
  A manticore skeleton (Crypt:3)
  24 centaurs
  5 kobold brigands
  2 weeping skulls (Abyss:3)
  7 brain worms
  A vine stalker zombie (Crypt:2)
  15 bullfrogs
  A gnoll sergeant (D:4)
  A scorpion (D:6)
  A glowing shapeshifter simulacrum (Depths:3)
  5 naga simulacra
  A salamander skeleton (Crypt:3)
  2 earth elementals (Elf:3)
  A cane toad simulacrum (IceCv)
  12 wights
  A raiju zombie (Crypt:2)
  A shapeshifter zombie (Crypt:1)
  A yak zombie (Crypt:3)
  A shapeshifter skeleton (Crypt:2)
  14 killer bees (D:9)
  An elephant simulacrum (IceCv)
  A vampire bat (D:10)
  5 electric eels
  4 howler monkeys (D:8)
  2 bombardier beetles
  4 hounds
  21 orc priests
  4 jellies
  A gnoll bouda (D:7)
  4 iron imps
  7 starcursed masses (Abyss:3)
  Jessica (D:3)
  A sleepcap (D:4)
  Terence (D:3)
  2 iguanas
  31 orc wizards
  A basilisk skeleton (Crypt:3)
  2 polar bear simulacra (IceCv)
  A wolf simulacrum (IceCv)
  A tengu skeleton (Crypt:1)
  18 mummies
  19 gnolls
  3 adders
  2 shadow imps
  2 white imps
  2 ufetubi (D:6)
  An adder zombie (Crypt:1)
  90 orcs
  10 bats
  6 endoplasms
  4 giant cockroaches
  8 goblins
  6 hobgoblins
  5 jackals (D:4)
  24 kobolds
  3 quokkas
  7 ball pythons
  A bombardier beetle zombie (Crypt:1)
  4 frilled lizards
  A gnoll zombie (Crypt:3)
  A jackal skeleton (Crypt:2)
  7 rats
  12 aspiring fleshes
  A ball lightning (Pan)
  A butterfly (Lair:4)
  3 creeping infernos
  2 fire vortices
  A foxfire (Swamp:2)
4556 creatures vanquished.

Vanquished Creatures (others)
  2 pandemonium lords (Pan)
  A shard shrike (Coc:5)
  A Hell Sentinel (Pan)
  A fire giant (Geh:1)
  A balrug (Pan)
  A shard shrike simulacrum (Coc:3)
  A reaper (Pan)
  2 caustic shrike simulacra (Coc:7)
  A juggernaut simulacrum (Coc:7)
  A sun demon (Pan)
  3 spriggan simulacra
  An ice statue (Coc:4)
  A smoke demon (Pan)
  A tormentor (Geh:1)
  A freezing wraith (Coc:7)
  An iron giant simulacrum (Coc:4)
  An anaconda simulacrum (Coc:7)
  3 bloated husks
  A human simulacrum (Coc:2)
  A dire elephant simulacrum (Coc:3)
  2 ynoxinuls (Pan)
  An ushabti (Tomb:3)
  An alligator snapping turtle simulacrum (Coc:3)
  4 neqoxecs (Pan)
  2 chaos spawn (Pan)
  2 harpy simulacra
  An acid dragon (Zot:4)
  10 ball lightnings (Pan)
  2 creeping infernos
  19 foxfires
  6 starspawn tentacles
76 creatures vanquished.

Grand Total: 4632 creatures vanquished

Notes
Turn   | Place    | Note
-------+----------+-------------------------------------------
     0 | D:1      | Nilihum the Troll Shapeshifter began the quest for the Orb.
     0 | D:1      | Reached XP level 1. HP: 18/18 MP: 0/0
    98 | D:1      | Reached skill level 1 in Fighting
   107 | D:1      | Reached XP level 2. HP: 27/27 MP: 1/1
   442 | D:1      | Found a faded altar of an unknown god.
   979 | D:2      | Reached XP level 3. HP: 33/33 MP: 2/2
  1124 | D:2      | Reached XP level 4. HP: 34/41 MP: 3/3
  1783 | D:3      | Reached XP level 5. HP: 35/49 MP: 4/4
  1999 | D:3      | Noticed Terence
  2014 | D:3      | Killed Terence
  2114 | D:3      | Found Tiupuis's Weapon Emporium.
  2114 | D:3      | Noticed Jessica
  2118 | D:3      | Killed Jessica
  2354 | D:3      | Reached XP level 6. HP: 38/57 MP: 5/5
  2356 | D:3      | Reached skill level 5 in Unarmed Combat
  2765 | D:4      | Reached XP level 7. HP: 66/66 MP: 6/6
  2815 | D:4      | Found a shimmering altar of Xom.
  3028 | D:5      | Entered Level 5 of the Dungeon
  3430 | D:5      | Found a staircase to the Ecumenical Temple.
  3469 | Temple   | Entered the Ecumenical Temple
  3478 | Temple   | Became a worshipper of the Wu Jian Council
  3570 | D:5      | Found a sacrificial altar of Ru.
  3570 | D:5      | Found a bloodstained altar of Trog.
  3757 | D:5      | Found Millaw's Assorted Antiques.
  4119 | D:6      | Noticed a steam dragon
  4246 | D:6      | Killed a steam dragon
  4247 | D:6      | Reached XP level 8. HP: 75/75 MP: 7/7
  4481 | D:6      | Reached * piety under Wu Jian
  4590 | D:6      | Noticed Edmund
  4596 | D:6      | Killed Edmund
  4597 | D:6      | Reached skill level 5 in Shapeshifting
  5404 | D:7      | Noticed Menkaure
  5408 | D:7      | Killed Menkaure
  5409 | D:7      | Reached XP level 9. HP: 85/85 MP: 8/8
  5530 | D:7      | Noticed Joseph
  5547 | D:7      | Killed Joseph
  5709 | D:7      | Identified the +0 cloak of Barral {Slay+3}
  5746 | D:7      | Reached skill level 5 in Dodging
  5808 | D:6      | Reached ** piety under Wu Jian
  6134 | D:8      | Found Dofraumm's Armour Shop.
  6155 | D:8      | Reached skill level 5 in Fighting
  6432 | D:8      | Found Kismohie's Vocational Training.
  6506 | D:8      | Reached XP level 10. HP: 96/96 MP: 9/9
  6796 | D:9      | Reached *** piety under Wu Jian
  6802 | D:9      | Paralysed by a hornet for 3 turns
  6995 | D:9      | Reached skill level 10 in Unarmed Combat
  7401 | D:9      | Noticed a two-headed ogre
  7760 | D:9      | Noticed a centaur warrior
  7772 | D:9      | Killed a centaur warrior
  7779 | D:9      | Noticed a cyan ugly thing
  7787 | D:9      | Killed a cyan ugly thing
  8119 | D:10     | Entered Level 10 of the Dungeon
  8228 | D:10     | Noticed a gargoyle
  8231 | D:10     | Killed a gargoyle
  8324 | D:10     | Reached XP level 11. HP: 42/107 MP: 10/10
  9080 | D:11     | Found a gate leading to a gauntlet.
  9111 | D:11     | Reached **** piety under Wu Jian
  9139 | Gauntlet | Entered a Gauntlet
  9139 | Gauntlet | Found a transporter.
  9157 | Gauntlet | Found a transporter.
  9171 | Gauntlet | Found a transporter.
  9173 | Gauntlet | Found a transporter.
  9179 | Gauntlet | Found a transporter.
  9179 | Gauntlet | Noticed a lightning spire
  9195 | Gauntlet | Found a transporter.
  9206 | Gauntlet | Found a transporter.
  9213 | Gauntlet | Found a runed translucent door.
  9213 | Gauntlet | Noticed a catoblepas
  9216 | Gauntlet | Found a transporter.
  9226 | Gauntlet | Found a runed translucent door.
  9226 | Gauntlet | Found a runed translucent door.
  9226 | Gauntlet | Found a runed translucent door.
  9228 | Gauntlet | Noticed a reaper
  9230 | Gauntlet | Found a transporter.
  9230 | Gauntlet | Found a transporter.
  9258 | Gauntlet | Found a transporter.
  9258 | Gauntlet | Found a transporter.
  9259 | Gauntlet | Noticed a sixfirhy
  9305 | Gauntlet | Noticed a large abomination
  9313 | Gauntlet | Found a transporter.
  9322 | Gauntlet | Found a transporter.
  9476 | Gauntlet | Killed a large abomination
  9529 | Gauntlet | Identified the +1 hat of the Endless Expanse {Rampage rF-
                  | rC+}
  9817 | Gauntlet | Noticed a minotaur
  9823 | Gauntlet | Killed a minotaur
 10286 | D:11     | Found a staircase to the Orcish Mines.
 10286 | D:11     | Found Buxti's Weapon Shoppe.
 10287 | D:11     | Noticed an orc knight
 10321 | D:11     | Killed an orc knight
 10334 | D:11     | Noticed a white ugly thing
 10342 | D:11     | Killed a purple ugly thing
 10472 | D:11     | Found a staircase to the Lair.
 10538 | D:11     | Noticed Nergalle
 10543 | D:11     | Reached XP level 12. HP: 98/116 MP: 11/11
 10546 | Abyss:2  | Cast into level 2 of the Abyss (Nergalle)
 10577 | Abyss:2  | Noticed a tentacled starspawn
 10581 | Abyss:2  | Killed a tentacled starspawn
 10597 | Abyss:2  | Found a corrupted altar of Lugonu.
 10598 | Abyss:2  | Found a corrupted altar of Lugonu.
 10598 | Abyss:2  | Found a corrupted altar of Lugonu.
 10605 | D:11     | Escaped the Abyss
 10613 | D:11     | Killed Nergalle
 10755 | D:11     | Noticed Urug
 10760 | D:11     | Killed Urug
 10919 | Lair:1   | Entered Level 1 of the Lair of Beasts
 11694 | Lair:2   | Noticed an eight-headed hydra
 11720 | Lair:2   | Killed an eight-headed hydra
 11909 | Lair:2   | Reached ***** piety under Wu Jian
 11915 | Lair:2   | Identified the amulet of Ovabaes {Harm Regen+ Int+3 Slay+3}
 11972 | Lair:2   | Reached XP level 13. HP: 128/128 MP: 12/12
 12824 | Lair:3   | Found a runed translucent gate.
 12824 | Lair:3   | Found a runed translucent gate.
 12824 | Lair:3   | Found a runed translucent gate.
 12825 | Lair:3   | Noticed Atreck's ghost (journeyman MiBe)
 12826 | Lair:3   | Noticed Ixoagrun's ghost (journeyman MiFi)
 12846 | Lair:3   | Reached skill level 10 in Shapeshifting
 13359 | Lair:3   | Found a staircase to the Snake Pit.
 13364 | Lair:3   | Reached skill level 15 in Unarmed Combat
 13499 | Lair:3   | Identified the +3 glaive of Laceration {flame, rCorr Int+3}
 13749 | Lair:3   | Found a staircase to the Swamp.
 13854 | Lair:3   | Killed Atreck's ghost
 13864 | Lair:3   | Killed Ixoagrun's ghost
 14370 | Lair:4   | Identified the +5 great mace of Dullness {freeze, Str+5}
 14738 | Lair:5   | Entered Level 5 of the Lair of Beasts
 15134 | Lair:5   | Reached XP level 14. HP: 140/140 MP: 13/13
 15289 | Lair:5   | Found a staircase to the Slime Pits.
 15324 | Lair:5   | Noticed Snorg
 15333 | Lair:5   | Killed Snorg
 15517 | Lair:5   | Found a broken altar of Ashenzari.
 15657 | Lair:5   | Reached ****** piety under Wu Jian
 16024 | Lair:5   | Reached skill level 10 in Dodging
 16352 | Lair:5   | Reached skill level 10 in Fighting
 16496 | Lair:5   | Found a corrupted altar of Lugonu.
 16496 | Lair:5   | Found a one-way gate to the infinite horrors of the Abyss.
 16777 | Orc:1    | Entered Level 1 of the Orcish Mines
 16932 | Orc:2    | Entered Level 2 of the Orcish Mines
 17134 | Orc:1    | Paralysed by an orc sorcerer for 4 turns
 17543 | Orc:2    | Noticed Nessos
 17545 | Orc:2    | Killed Nessos
 17748 | Orc:2    | Found Necw's Assorted Antiques.
 17760 | Orc:2    | Bought a scroll of teleportation for 117 gold pieces
 17860 | Orc:2    | Found Plog's Weapon Shoppe.
 17965 | Orc:2    | Found a staircase to the Elven Halls.
 18047 | Orc:2    | Found Gumeussuem's Assorted Antiques.
 18119 | Orc:2    | Bought a scroll of teleportation for 78 gold pieces
 18119 | Orc:2    | Bought a scroll of teleportation for 78 gold pieces
 18442 | Orc:2    | Noticed an orc warlord
 18445 | Orc:2    | Found Denaguck's Antique Armour Shop.
 18694 | Orc:2    | Killed an orc warlord
 18698 | Orc:2    | Reached XP level 15. HP: 80/152 MP: 14/14
 18782 | Orc:2    | Found Beosaw's Antique Weapon Boutique.
 19175 | D:12     | Identified the +0 robe of Pride {rElec rC- Dex+2}
 19479 | D:12     | Found a sparkling altar of Nemelex Xobeh.
 20111 | D:13     | Found a frozen archway.
 20130 | IceCv    | Entered an ice cave
 20246 | IceCv    | Found the amulet of Vitality {RegenMP++ Regen++}
 20882 | D:14     | Found a runed translucent door.
 20885 | D:14     | Noticed Xerigekh's ghost (journeyman DsMo)
 21172 | D:14     | Found a gate to the Vaults.
 21429 | D:14     | Killed Xerigekh's ghost
 21456 | D:15     | Entered Level 15 of the Dungeon
 21458 | D:15     | Found a staircase to the Depths.
 21492 | D:15     | Noticed Roxanne
 21510 | D:15     | Killed Roxanne
 21654 | D:15     | Found a shimmering blue altar of Sif Muna.
 22479 | Swamp:1  | Entered Level 1 of the Swamp
 22543 | Swamp:1  | Found a runed translucent gate.
 22543 | Swamp:1  | Found a runed translucent gate.
 22543 | Swamp:1  | Found a runed translucent gate.
 22551 | Swamp:1  | Noticed MrCrawl's ghost (journeyman MiBe)
 22920 | Swamp:1  | Killed MrCrawl's ghost
 22921 | Swamp:1  | Reached XP level 16. HP: 82/162 MP: 15/15
 23045 | Swamp:1  | Identified the +3 war axe "Zihoru" {pain, rPois rC+}
 23672 | Swamp:3  | Noticed a thorn hunter
 23685 | Swamp:3  | Killed a thorn hunter
 24341 | Swamp:4  | Entered Level 4 of the Swamp
 24540 | Swamp:4  | Noticed Mara
 24552 | Swamp:4  | Noticed Nilihum's illusion
 24555 | Swamp:4  | Killed Mara
 24873 | Swamp:4  | Got a decaying rune of Zot
 25029 | Snake:1  | Entered Level 1 of the Snake Pit
 25158 | Snake:1  | Reached skill level 1 in Shields
 25158 | Snake:1  | Reached XP level 17. HP: 159/175 MP: 16/16
 25344 | Snake:1  | Found a hazy altar of Hepliaklqana.
 25418 | Snake:1  | Found Jiusible's Book Emporium.
 25419 | Snake:1  | Found Nerphim's Jewellery Shop.
 25420 | Snake:1  | Found Naato's Book Emporium.
 26934 | Snake:3  | Found a gateway to a bazaar.
 26953 | Bazaar   | Entered a bazaar
 26953 | Bazaar   | Found Inlel's Antique Armour Shoppe.
 26953 | Bazaar   | Found Areis's Armour Shoppe.
 26966 | Bazaar   | Found Dygarhym's Armour Emporium.
 26966 | Bazaar   | Found Fuymacoe's General Store.
 26987 | Bazaar   | Bought the +1 cloak of the Pit {Will+ Str+2} for 394 gold
                  | pieces
 27020 | Snake:3  | Reached skill level 5 in Shields
 27314 | Snake:3  | Identified the +1 demon trident of the Gloaming {drain,
                  | Will++}
 27717 | Snake:4  | Entered Level 4 of the Snake Pit
 27777 | Snake:4  | Noticed Agnes
 27787 | Snake:4  | Killed Agnes
 28314 | Snake:4  | Reached XP level 18. HP: 185/185 MP: 17/17
 28336 | Snake:4  | Noticed Vashnia
 28357 | Snake:4  | Killed Vashnia
 28371 | Snake:4  | Noticed Bai Suzhen
 28379 | Snake:4  | Killed Bai Suzhen
 28776 | Snake:4  | Identified the serpent talisman "Caemon" {rN++ Int+4}
 28776 | Snake:4  | Noticed Aizul
 28789 | Snake:4  | Killed Aizul
 29195 | Snake:4  | Got a serpentine rune of Zot
 29487 | Elf:1    | Entered Level 1 of the Elven Halls
 29945 | Elf:1    | Reached skill level 15 in Shapeshifting
 29947 | Elf:1    | Noticed Asterion
 29954 | Elf:1    | Killed Asterion
 29969 | Elf:1    | Found Iriaqau's Armour Shop.
 30178 | Elf:2    | Found Vayni's Antique Armour Boutique.
 30178 | Elf:2    | Found Ymapnec's Distillery.
 30187 | Elf:2    | Bought a potion of heal wounds for 65 gold pieces
 30187 | Elf:2    | Bought a potion of heal wounds for 65 gold pieces
 30195 | Elf:2    | Found Feiriaba's Jewellery Shop.
 30315 | Elf:2    | Found Yxedeula's Distillery.
 30334 | Elf:2    | Bought a potion of heal wounds for 80 gold pieces
 30334 | Elf:2    | Bought a potion of heal wounds for 80 gold pieces
 30510 | Elf:2    | Found a runed translucent gate.
 30534 | Elf:2    | Found a runed translucent gate.
 30534 | Elf:2    | Found a runed translucent gate.
 30810 | Elf:2    | Reached skill level 10 in Shields
 30930 | Elf:3    | Entered Level 3 of the Elven Halls
 31034 | Elf:3    | Found Oppoul's Magic Scroll Shoppe.
 31212 | Elf:3    | Reached XP level 19. HP: 196/196 MP: 18/18
 31321 | Elf:3    | Identified the +6 short sword of Deamec {heavy, rC+ Will+
                  | Dex+2}
 31433 | Elf:3    | Noticed a Brimstone Fiend
 31653 | Elf:3    | Identified the +4 lajatang of Terra Cotta {freeze, rCorr
                  | Str+2 Dex-4 Stlth+}
 31674 | Elf:3    | Identified the +0 robe "Xulaoqaf" {Harm rF+ rCorr}
 31689 | Elf:3    | Noticed a Brimstone Fiend
 31819 | Elf:3    | Found the +3 pair of seven-league boots {Rampage+∞}
 31823 | Elf:3    | Got the Lectures on Hermetica and Clouds
 31824 | Elf:3    | Identified the +1 gold dragon scales "Rakoung" {rPois rF+
                  | rC+ Str+5}
 31836 | Elf:3    | Identified the amulet "Uffutim" {Faith -Cast rF+ rC++
                  | Stlth+}
 31902 | Elf:3    | Identified the +1 scale mail "Cusa Ecuq" {Rampage rF+ rCorr
                  | SInv}
 31937 | Elf:3    | Identified the ring of Lalull {rPois Will+ rCorr}
 32340 | Vaults:1 | Entered Level 1 of the Vaults
 33419 | Vaults:1 | Reached XP level 20. HP: 208/208 MP: 19/19
 33728 | Vaults:2 | You fall into a shaft and drop 1 floor!
 34893 | Vaults:3 | Reached skill level 15 in Fighting
 34909 | Vaults:3 | Found a staircase to the Crypt.
 35353 | Vaults:3 | Found a portal to a secret trove of treasure.
 35728 | Vaults:4 | Identified the amulet "Mixzitag" {RegenMP Will- Str+5}
 35738 | Vaults:4 | Found the amulet of the Air {Inacc Air Fly rElec RMsl}
 35813 | Vaults:4 | Identified the +8 dagger of Tenacity {holy, ^Fragile
                  | Will+++ rCorr Int-4}
 35855 | Vaults:4 | Reached XP level 21. HP: 218/218 MP: 20/20
 36312 | Vaults:4 | Reached skill level 15 in Shields
 36549 | Vaults:4 | Found Ruqausew's Magic Scroll Shoppe.
 36557 | Vaults:4 | Bought a scroll of blinking for 120 gold pieces
 36557 | Vaults:4 | Bought a scroll of blinking for 120 gold pieces
 37030 | Crypt:1  | Entered Level 1 of the Crypt
 37108 | Crypt:1  | Noticed Margery
 37181 | Vaults:3 | Killed Margery
 37670 | Crypt:1  | Identified the orb of Uskayaw {light, rElec Str+3 Necro}
 37670 | Crypt:1  | Noticed Frederick
 37685 | Crypt:1  | Killed Frederick
 37687 | Crypt:1  | Noticed Zenata
 37719 | Abyss:3  | Cast into level 3 of the Abyss (+2 glaive of distortion)
 37946 | Crypt:1  | Escaped the Abyss
 37972 | Crypt:1  | Killed Zenata
 38429 | Crypt:2  | Reached XP level 22. HP: 231/231 MP: 21/21
 39077 | Crypt:3  | Entered Level 3 of the Crypt
 39127 | Crypt:3  | Found a basalt altar of Yredelemnul.
 39330 | Crypt:3  | Found a staircase to the Tomb.
 39772 | Crypt:3  | Found the +3 Elemental Staff {ele, rElec rF+ rC+ AC+3}
 39773 | Crypt:3  | Identified the ring of Lablimna {rElec AC+4 Int+4}
 39793 | Crypt:3  | Identified the staff of the World {rElec rN+ Str-2 Dex+4
                  | Necro Air}
 39808 | Crypt:3  | Identified the amulet of the Castellan {-Tele rElec rC+++
                  | Regen+ Int+4}
 39808 | Crypt:3  | Identified the ring "Xigig" {rF+ rN+ Int+7 Stlth-}
 40510 | Depths:1 | Entered Level 1 of the Depths
 40751 | Depths:1 | Found a gateway to Hell.
 41384 | Depths:1 | Identified the staff of Woe {rC+ Hexes Ice Alchemy}
 41726 | Depths:2 | Noticed a juggernaut
 41950 | Depths:2 | Found a one-way gate leading to the halls of Pandemonium.
 42017 | Depths:2 | Found a transporter.
 42128 | Depths:2 | Reached XP level 23. HP: 241/241 MP: 22/22
 42423 | Depths:2 | Found a transporter.
 42720 | Depths:3 | Got the Spellbook of Unholy Guile
 42739 | Depths:3 | Found Itisiofi's Magic Scroll Shoppe.
 42747 | Depths:3 | Bought a scroll of teleportation for 42 gold pieces
 42922 | Depths:3 | Identified the ring of Qisa {Ice Str+2}
 42922 | Depths:3 | Noticed Josephina
 42938 | Depths:3 | HP: 14/300 [Josephina/staff of cold (9)]
 42940 | Depths:3 | HP: 1/289 [Josephina/ghostly fireball (22)]
 43242 | Depths:3 | Killed Josephina
 43411 | Depths:3 | Noticed Jory
 43414 | Depths:3 | Killed Jory
 43623 | Depths:4 | Entered Level 4 of the Depths
 43630 | Depths:4 | Noticed Sojobo
 43863 | Depths:4 | Paralysed by an air elemental for 1 turns
 43866 | Depths:4 | Killed Sojobo
 43906 | Depths:4 | Noticed a juggernaut
 43912 | Depths:4 | Killed a juggernaut
 44089 | Depths:4 | Found a one-way gateway to a ziggurat.
 44223 | Depths:4 | Reached XP level 24. HP: 203/250 MP: 22/22
 44578 | Depths:4 | Found a gate to the Realm of Zot.
 45099 | Slime:1  | Entered Level 1 of the Pits of Slime
 45116 | Slime:1  | Reached skill level 1 in Armour
 45275 | Slime:5  | Entered Level 5 of the Pits of Slime
 45299 | Slime:5  | Reached skill level 5 in Armour
 45324 | Slime:5  | Noticed the Royal Jelly
 45372 | Slime:5  | Killed the Royal Jelly
 45396 | Slime:5  | Reached skill level 10 in Armour
 45420 | Slime:5  | Got a starry gem with 295 turns to spare
 45437 | Slime:5  | Got a slimy rune of Zot
 45519 | Slime:5  | Identified the +0 glaive of the Black Skies {antimagic, rC+
                  | rCorr}
 45591 | Slime:5  | Identified the +6 quarterstaff of Qoadwoba {flame, rC- rN+
                  | Dex+5}
 45729 | Slime:5  | Identified the +1 plate armour of Impermeability {Harm
                  | *Corrode Str+4 Dex+4}
 45743 | Slime:5  | Got the Directory of Floating Corpses
 46260 | Zot:1    | Entered Level 1 of the Realm of Zot
 46382 | Zot:1    | Paralysed by a Zot trap for 4 turns
 46385 | Zot:1    | Found the +4 dragonskin cloak
 46385 | Zot:1    | Noticed Tiamat
 46409 | Zot:1    | Killed Tiamat
 46746 | Zot:1    | Noticed Parghit
 46760 | Zot:1    | Killed Parghit
 47540 | Zot:2    | Reached XP level 25. HP: 212/261 MP: 22/22
 49344 | Zot:4    | Identified the +6 mace of the Riding Stoat {drain, rPois}
 49462 | Zot:4    | Identified the +7 short sword "Ruim Ela" {heavy, rElec
                  | Str+3}
 49721 | Zot:5    | Entered Level 5 of the Realm of Zot
 50140 | Vaults:5 | Entered Level 5 of the Vaults
 50269 | Vaults:5 | Identified the +9 halberd of Blood {freeze, Str-4 Int+7
                  | Dex+2 SInv}
 50279 | Vaults:5 | Reached XP level 26. HP: 262/274 MP: 22/22
 50427 | Vaults:5 | Identified the +2 scimitar of Yskibig {protect, ^Fragile
                  | Int+6}
 50571 | Vaults:5 | Identified the +6 rapier "Troll's Bane" {venom, rN+}
 50904 | Vaults:5 | Found the +8 frozen axe "Frostbite" {freeze, freezing
                  | cloud, *Noise Fly rC+}
 50920 | Vaults:5 | Identified the +2 rapier "Saats" {elec, rPois rN+ Int-4}
 50974 | Vaults:5 | Got a silver rune of Zot
 51404 | Tomb:1   | Entered Level 1 of the Tomb of the Ancients
 51463 | Tomb:1   | Noticed a royal mummy
 51786 | Tomb:1   | Noticed a royal mummy
 51798 | Tomb:1   | Noticed a royal mummy
 51808 | Tomb:1   | Noticed a royal mummy
 51888 | Tomb:1   | Noticed a royal mummy
 51900 | Tomb:1   | Killed a royal mummy
 51929 | Tomb:1   | Killed a royal mummy
 51946 | Tomb:1   | Killed a royal mummy
 51958 | Tomb:1   | Noticed a royal mummy
 51966 | Tomb:1   | Killed a royal mummy
 51971 | Tomb:1   | Killed a royal mummy
 52170 | Tomb:2   | Noticed a royal mummy
 52170 | Tomb:2   | Noticed a royal mummy
 52171 | Tomb:2   | Noticed a royal mummy
 52183 | Tomb:2   | Killed a royal mummy
 52189 | Tomb:2   | Killed a royal mummy
 52266 | Tomb:3   | Entered Level 3 of the Tomb of the Ancients
 52306 | Tomb:3   | Noticed a royal mummy
 52311 | Tomb:3   | Noticed a royal mummy
 52322 | Tomb:3   | Noticed a royal mummy
 52332 | Tomb:3   | Noticed a royal mummy
 52338 | Tomb:3   | Killed a royal mummy
 52339 | Tomb:3   | Noticed a royal mummy
 52353 | Tomb:3   | Killed a royal mummy
 52357 | Tomb:3   | Identified a scroll of acquirement
 52458 | Tomb:3   | Killed a royal mummy
 52458 | Tomb:3   | Reached XP level 27. HP: 285/288 MP: 22/22
 52464 | Tomb:3   | Killed a royal mummy
 52474 | Tomb:3   | HP: 4/288 [death scarab[a royal mummy] (19)]
 52569 | Tomb:3   | Killed a royal mummy
 52678 | Tomb:3   | Noticed a royal mummy
 52679 | Tomb:3   | Noticed a royal mummy
 52682 | Tomb:3   | Noticed a royal mummy
 52686 | Tomb:3   | Noticed a royal mummy
 52687 | Tomb:3   | Killed a royal mummy
 52703 | Tomb:3   | Killed a royal mummy
 52802 | Tomb:3   | Killed a royal mummy
 52803 | Tomb:3   | Reached skill level 15 in Armour
 52933 | Tomb:3   | Identified the ring of Suspicion {Will+ AC+4 Dex+4}
 53027 | Tomb:3   | Identified the -1 pair of gloves of the Four Mice {+Blink
                  | rC+ Int-2}
 53043 | Tomb:3   | Identified the amulet of Oggecvagg {Regen+ Str+5}
 53111 | Tomb:3   | Identified the +7 short sword of Regicide {heavy, rN+
                  | Dex+2}
 53116 | Tomb:3   | Identified the +7 falchion of Doom {flame, Dex+6}
 53121 | Tomb:3   | Acquired a manual of Shields
 53123 | Tomb:3   | Identified the +4 spear "Ceom" {freeze, rElec rN++ Str-5
                  | Int+2}
 53177 | Tomb:3   | Killed a royal mummy
 53220 | Tomb:3   | Got a golden rune of Zot
 53786 | Pan      | Entered Pandemonium
 54278 | Pan      | Found a runed translucent door.
 54374 | Pan      | Noticed Vaklut the pandemonium lord
 54393 | Pan      | Killed Vaklut the pandemonium lord
 54838 | Pan      | Killed Gefinwulen the pandemonium lord
 56120 | Pan      | Found a huge runed translucent gate.
 56124 | Pan      | Found a huge runed translucent gate.
 56125 | Pan      | Found a huge runed translucent gate.
 56126 | Pan      | Found a huge runed translucent gate.
 56126 | Pan      | Found a huge runed translucent gate.
 56127 | Pan      | Found a huge runed translucent gate.
 56128 | Pan      | Found a huge runed translucent gate.
 56405 | Pan      | Noticed Osiyt the pandemonium lord
 56431 | Pan      | Killed Osiyt the pandemonium lord
 56470 | Pan      | Noticed Vobin the pandemonium lord
 56481 | Pan      | Killed Vobin the pandemonium lord
 57480 | Pan      | Found an exit through the horrors of the Abyss.
 57507 | Pan      | Noticed Ignacio
 57524 | Pan      | Killed Ignacio
 57526 | Pan      | Noticed Vedus the pandemonium lord
 57585 | Pan      | Identified the amulet "Qinapuk" {RegenMP -Tele Rampage +Inv
                  | rElec}
 57770 | Pan      | Killed Vedus the pandemonium lord
 58480 | Pan      | Found a huge runed translucent gate.
 58497 | Pan      | Found a huge runed translucent gate.
 58498 | Pan      | Found a huge runed translucent gate.
 58498 | Pan      | Found a huge runed translucent gate.
 58498 | Pan      | Found a huge runed translucent gate.
 58498 | Pan      | Found a huge runed translucent gate.
 58969 | Pan      | Found a huge runed translucent gate.
 58970 | Pan      | Noticed Ninul the pandemonium lord
 58973 | Pan      | Reached skill level 27 in Shapeshifting
 59003 | Pan      | Killed Ninul the pandemonium lord
 59049 | Pan      | Found an exit through the horrors of the Abyss.
 59538 | Pan      | Identified the granite talisman of the Frog {Int+5}
 59674 | Pan      | Noticed Koargha the pandemonium lord
 59704 | Pan      | Killed Koargha the pandemonium lord
 60205 | Pan      | Entered the realm of Lom Lobon.
 60447 | Pan      | Noticed Mennas
 60525 | Pan      | Killed Mennas
 61290 | Pan      | Noticed Lom Lobon
 61307 | Pan      | Killed Lom Lobon
 61334 | Pan      | Got a magical rune of Zot
 62209 | Pan      | Noticed Ikestoa the pandemonium lord
 62237 | Pan      | Paralysed by you for 1 turns
 62244 | Pan      | Killed Ikestoa the pandemonium lord
 62673 | Pan      | Noticed Cesar the pandemonium lord
 62681 | Pan      | Killed Cesar the pandemonium lord
 62682 | Pan      | Reached skill level 27 in Unarmed Combat
 62720 | Pan      | Found a runed translucent door.
 62751 | Pan      | Got a demonic rune of Zot
 62869 | Pan      | Acquired the +0 hat "Dunuk" {rF+ Str+2}
 63338 | Pan      | Entered the realm of Gloorx Vloq.
 64152 | Pan      | Noticed Gloorx Vloq
 64157 | Pan      | Killed Gloorx Vloq
 64343 | Pan      | Got a dark rune of Zot
 64488 | Pan      | Noticed Sysul the pandemonium lord
 64494 | Pan      | Killed Sysul the pandemonium lord
 64612 | Pan      | Found an exit through the horrors of the Abyss.
 65037 | Pan      | Found an exit through the horrors of the Abyss.
 65353 | Pan      | Noticed Letaeso the pandemonium lord
 65358 | Pan      | Killed Letaeso the pandemonium lord
 65620 | Pan      | Identified the +6 falchion of Conscience {freeze, Will+
                  | SInv}
 66182 | Pan      | Entered the realm of Cerebov.
 66224 | Pan      | Identified the +0 robe of Polytheism {Rampage Fly Int+3
                  | Stlth-}
 66423 | Pan      | Identified the +1 pair of boots of the Curupira {Rampage
                  | rPois}
 66669 | Pan      | Found an exit through the horrors of the Abyss.
 66899 | Pan      | Found the +6 sword of Cerebov {flame}
 66899 | Pan      | Noticed Cerebov
 66933 | Pan      | Killed Cerebov
 66974 | Pan      | Got a fiery rune of Zot
 67623 | Pan      | Noticed Benicofe the pandemonium lord
 67630 | Pan      | Killed Benicofe the pandemonium lord
 67631 | Pan      | Reached skill level 15 in Dodging
 67912 | Pan      | Found an exit through the horrors of the Abyss.
 68267 | Pan      | Found a transporter.
 68268 | Pan      | Found a transporter.
 68444 | Abyss:3  | Cast into level 3 of the Abyss (demonspawn warmonger)
 68533 | Abyss:3  | Found a corrupted altar of Lugonu.
 68592 | Abyss:3  | Paralysed by accursed screaming for 1 turns
 68599 | Abyss:3  | Got an abyssal rune of Zot
 68616 | Abyss:3  | Paralysed by accursed screaming for 1 turns
 68641 | Abyss:3  | Found a corrupted altar of Lugonu.
 68656 | Pan      | Escaped the Abyss
 68832 | Pan      | Found an exit through the horrors of the Abyss.
 69021 | Pan      | Entered the realm of Mnoleg.
 69048 | Pan      | Acquired a manual of Spellcasting
 69072 | Pan      | Found an exit through the horrors of the Abyss.
 69685 | Pan      | Noticed Mnoleg
 69701 | Pan      | Killed Mnoleg
 69863 | Pan      | Got a glowing rune of Zot
 70014 | Pan      | Identified the +6 great sword "Ylugioz" {speed, rCorr
                  | Stlth+}
 70129 | Pan      | Noticed Zontoj the pandemonium lord
 70148 | Pan      | Killed Zontoj the pandemonium lord
 70178 | Pan      | Identified the ring of Tups {rPois rC+ Int+2}
 70766 | Pan      | Found an exit through the horrors of the Abyss.
 71054 | Pan      | Found a burning altar of Makhleb.
 71093 | Pan      | Found a runed translucent door.
 71135 | Pan      | Found a runed translucent door.
 71140 | Pan      | Found a runed translucent door.
 71153 | Pan      | Found a runed translucent door.
 71575 | Pan      | Noticed Bing the pandemonium lord
 71601 | Pan      | Killed Bing the pandemonium lord
 71607 | Depths:2 | Escaped Pandemonium
 71687 | Hell     | Entered the Vestibule of Hell
 71687 | Hell     | Noticed Geryon
 71705 | Hell     | Killed Geryon
 71807 | Hell     | Found a gateway to the Iron City of Dis.
 71845 | Hell     | Found a gateway to the freezing wastes of Cocytus.
 71995 | Hell     | Found a gateway to the decaying netherworld of Tartarus.
 72060 | Hell     | Found a gateway to the ashen valley of Gehenna.
 72164 | Dis:1    | Entered Level 1 of the Iron City of Dis
 72167 | Dis:1    | You fall into a shaft and drop 1 floor!
 72867 | Dis:7    | Entered Level 7 of the Iron City of Dis
 74082 | Dis:7    | Noticed Dispater
 74082 | Dis:7    | Noticed a juggernaut
 74092 | Dis:7    | Killed a juggernaut
 74099 | Dis:7    | Killed Dispater
 74167 | Dis:7    | Found the +3 warlock's mirror {omnireflect}
 74185 | Dis:7    | Identified the staff of Oreis {^Fragile Dex+2 Ice Earth}
 74205 | Dis:7    | Identified the +2 sling "Hyutwonk" {drain, rN+ Will+ Str-3}
 74207 | Dis:7    | Got an iron rune of Zot
 74809 | Dis:7    | Noticed an ancient lich
 74812 | Dis:7    | Killed an ancient lich
 74868 | Dis:7    | Noticed a juggernaut
 74873 | Dis:7    | Killed a juggernaut
 74898 | Dis:7    | Identified the +11 short sword "Ultimatum" {flame, rPois
                  | rC+ Dex+3 SInv}
 74912 | Dis:7    | Identified the +8 long sword of the Devouring Whale {heavy,
                  | Int+3}
 75083 | Tar:1    | Entered Level 1 of Tartarus
 75162 | Tar:1    | Reached skill level 27 in Fighting
 76515 | Tar:7    | Entered Level 7 of Tartarus
 76520 | Tar:7    | Noticed an ancient lich
 76522 | Tar:7    | Noticed an ancient lich
 76526 | Tar:7    | Killed an ancient lich
 76534 | Tar:7    | Killed an ancient lich
 76608 | Tar:7    | Noticed a dread lich
 76615 | Tar:7    | Killed a dread lich
 76625 | Tar:7    | Noticed an ancient lich
 76636 | Tar:7    | Killed an ancient lich
 76953 | Tar:7    | Identified the +1 orcbow "Etew Ufo" {freeze, Str+7 Dex-3
                  | SInv}
 76955 | Tar:7    | Identified the +7 short sword "Qeke" {heavy, rF+}
 77100 | Tar:7    | Noticed Ereshkigal
 77120 | Tar:7    | Killed Ereshkigal
 77152 | Tar:7    | Got a bone rune of Zot
 77367 | Coc:1    | Entered Level 1 of Cocytus
 77737 | Coc:2    | Paralysed by a wendigo for 1 turns
 77940 | Coc:3    | Paralysed by a wendigo for 1 turns
 78306 | Coc:4    | Paralysed by a wendigo for 1 turns
 78410 | Coc:4    | You fall into a shaft and drop 1 floor!
 78665 | Coc:7    | Entered Level 7 of Cocytus
 78742 | Coc:7    | Noticed the Serpent of Hell
 78753 | Coc:7    | Killed the Serpent of Hell
 78775 | Coc:7    | Paralysed by a wendigo for 1 turns
 78799 | Coc:7    | Paralysed by a wendigo for 1 turns
 78814 | Coc:7    | Paralysed by a wendigo for 1 turns
 78843 | Coc:7    | Paralysed by a wendigo for 1 turns
 78878 | Coc:7    | Paralysed by a wendigo for 1 turns
 78936 | Coc:7    | Identified the amulet "Sigitayg" {Acrobat -Cast Harm Int-4
                  | Dex+8}
 79012 | Coc:7    | Paralysed by a wendigo for 1 turns
 79017 | Coc:7    | Paralysed by a wendigo for 1 turns
 79045 | Coc:7    | Paralysed by a wendigo for 1 turns
 79050 | Coc:7    | Paralysed by a wendigo for 1 turns
 79097 | Coc:7    | Paralysed by a wendigo for 1 turns
 79101 | Coc:7    | Paralysed by a wendigo for 1 turns
 79106 | Coc:7    | Noticed Antaeus
 79140 | Coc:7    | Killed Antaeus
 79254 | Coc:7    | Got an icy rune of Zot
 79404 | Geh:1    | Entered Level 1 of Gehenna
 79666 | Geh:3    | Noticed a dread lich
 79670 | Geh:3    | Killed a dread lich
 79883 | Geh:7    | Entered Level 7 of Gehenna
 80457 | Geh:7    | Found the +3 giant club "Skullcrusher" {speed, Str+7}
 80458 | Geh:7    | Identified the amulet "Woem" {Acrobat Str+5}
 80500 | Geh:7    | Identified the staff "Grom" {Fly rElec rC+ Str-5 Stlth-
                  | Ice}
 80512 | Geh:7    | Identified the +9 glaive of Enath {flame, rElec rPois rF++
                  | Stlth-}
 80521 | Geh:7    | Identified the ring "Laeplele" {+Blink rF+ rC- Int+4 SInv}
 80597 | Geh:7    | Found the +13 sceptre of Asmodeus
 80597 | Geh:7    | Noticed Asmodeus
 80608 | Geh:7    | Killed Asmodeus
 80623 | Geh:7    | Got an obsidian rune of Zot
 81211 | Zot:5    | Noticed an orb of fire
 81218 | Zot:5    | Killed an orb of fire
 81223 | Zot:5    | Noticed an orb of fire
 81230 | Zot:5    | Killed an orb of fire
 81249 | Zot:5    | Noticed an orb of fire
 81258 | Zot:5    | Killed an orb of fire
 81333 | Zot:5    | Noticed an orb of fire
 81335 | Zot:5    | Noticed a dread lich
 81337 | Zot:5    | Killed an orb of fire
 81341 | Zot:5    | Killed a dread lich
 81549 | Zot:5    | Noticed an orb of fire
 81560 | Zot:5    | Killed an orb of fire
 81562 | Zot:5    | Noticed an orb of fire
 81563 | Zot:5    | Noticed an orb of fire
 81578 | Zot:5    | Killed an orb of fire
 81581 | Zot:5    | Killed an orb of fire
 81882 | Zot:5    | Got the Orb of Zot
 82474 | D:$      | Escaped with the Orb!

Illustrated notes

Levels and vault maps discovered:
D:1:      ncdulo_watergridlock, layout_basic,
          hellmonk_ecumenical_altar_arch_garden, nrook_mini_backslash
D:2:      layout_loops_corners, minivault_24, grunt_ministairs_9
D:3:      layout_basic, serial_shops, shop, uniq_terence, uniq_jessica
D:4:      layout_cave_pools, serial_column_ruins, column_ruins_hut,
          column_ruins_open_small, column_ruins_columns_straight,
          column_ruins_grid_2, column_ruins_grid_1, column_ruins_grid_1,
          minmay_ruined_shrine
D:5:      layout_gridville, gammafunk_temple_overflow_elements,
          minmay_temple_entry_glassed_door, serial_shops, nicolae_diamond_shop
D:6:      layout_cave_pods, uniq_edmund
D:7:      layout_rooms, uniq_menkaure, uniq_joseph
D:8:      layout_basic, serial_shops,
          nicolae_shop_temple_entry_statues_fountains, grunt_ministairs_15,
          nicolae_shop_vocational
D:9:      layout_stronghold, grunt_tough_drop
D:10:     layout_basic, roderic_batcave
D:11:     nicolae_BIG_FREAKIN_CUBE, layout_grid_maze, orc_david_3,
          gauntlet_entry_generic, uniq_urug, uniq_nergalle
D:12:     layout_irregular_city, minmay_misc_feat_encased,
          nemelex_xobeh_ov_fountains_minmay
D:13:     layout_irregular_city, portal_ice_cave_demonic_guard
D:14:     layout_roguey, david_vaults_5, palyth_stone_intersect,
          ebering_ghost_inner_flame
D:15:     gammafunk_depths_entry_grave, layout_gridville,
          hellmonk_sif_muna_bookshelves, ebering_dispersal_statue_hall,
          serial_bayou_lake_a, uniq_roxanne
Temple:   nicolae_temple_bog_church
Lair:1:   layout_cave_shapes, beast_lair_carwin_5
Lair:2:   layout_loops_ring
Lair:3:   nzn_winding_woodlands_medium [nzn_winding_woodlands_5x5_closed_star,
          nzn_winding_woodlands_5x15_split_checker,
          nzn_winding_woodlands_5x5_default, nzn_winding_woodlands_5x5_three,
          nzn_winding_woodlands_center_triple_pond,
          nzn_winding_woodlands_5x5_checkerboard,
          nzn_winding_woodlands_hourglass, nzn_winding_woodlands_5x15_cabin,
          nzn_winding_woodlands_5x5_cross], layout_regular_city,
          mainiacjoe_swamp_entry_lozenge_pond,
          minmay_snake_entry_guardpost_small, gammafunk_ghost_cemetery,
          grunt_forest_small_clearings, serial_bayou_pond_a,
          grunt_forest_stairs_basic, chequers_serial_rivers_micro_b,
          lemuel_fruit_tree
Lair:4:   layout_hall_layers, infiniplex_staircase_pool_2, serial_bayou_shore_a,
          lemuel_fruit_fields
Lair:5:   hellmonk_lair_end_abyssal_woods, layout_cave_pods, slime_entry_1,
          basic_altar, chequers_serial_rivers_marsh,
          nicolae_lair_grove_arrangements, uniq_snorg
Swamp:1:  layout_falls_marsh, gammafunk_ghost_hydra_chop,
          evilmike_swamp_ruin_rubble_1, swamp_pool_4
Swamp:2:  layout_basic_swamp, evilmike_swamp_ruin_house_6
Swamp:3:  nicolae_swamp_ascending_descending, layout_falls_marsh,
          hangedman_swamp_ruin_hall, hangedman_swamp_diagram,
          nicolae_swamp_decorative_isthmus, nicolae_swamp_tree_isthmus
Swamp:4:  swamp, layout_basic_swamp, swamp_pool_1_2, infiniplex_staircase_pool,
          uniq_mara
Snake:1:  nicolae_snake_shooting_gallery, layout_misc_corridors, basic_altar,
          minmay_shop_grove
Snake:2:  layout_layer_cave
Snake:3:  layout_gridlike, serial_shops, bzr_entry_lakeside, grunt_megastairs_5
Snake:4:  hellmonk_snake_rune_quicksilver_temple, layout_layer_cave,
          uniq_vashnia, uniq_agnes, uniq_bai_suzhen, uniq_aizul
Slime:1:  layout_caves
Slime:2:  layout_caves
Slime:3:  nicolae_slime_pool, layout_caves
Slime:4:  layout_caves
Slime:5:  slime_pit_nicolae_inversion
Orc:1:    layout_caves, mines4_lemuel
Orc:2:    grunt_orc_community_town_hall, layout_caves,
          grunt_orc_community_big_house_2, grunt_orc_community_big_house_1,
          grunt_orc_community_house_1, grunt_orc_community_house_1,
          grunt_orc_community_house_2, grunt_orc_community_house_1,
          serial_shops, shop, uniq_nessos
Elf:1:    minmay_elf_arrival_plus, layout_geoelf_diagonals, serial_shops, shop,
          nicolae_elf_shapeshifter_party, lemuel_upstairs_altar, uniq_asterion
Elf:2:    elven_hall_of_blades_hangedman_original
          [nicolae_blade_entry_area_security], layout_onion_city, serial_shops,
          nicolae_square_shop, shop, nicolae_shop_stone,
          nicolae_shop_overgrown_old_shop
Elf:3:    nooodl_elf_gasket, layout_geoelf_diagonals, serial_shops, shop,
          drop_trap
Vaults:1: nicolae_vaults_storage_closets_3, v_pattern_4,
          ontoclasm_vaults_misaligned, v_rooms_4, nicolae_vaults_wine_cellar,
          v_rooms_3, nicolae_vaults_tetromino_L_1,
          nicolae_vaults_variable_pillar_hall, layout_vaults_omnigrid
Vaults:2: v_misc_23, hangedman_vaults_restitches,
          nicolae_vaults_layer_cake_slice, nicolae_vaults_back_hallway,
          nicolae_vaults_little_squares_4, nicolae_vaults_hallways_thing,
          nicolae_vaults_shipping_containers_5, nicolae_vaults_ninety_degrees,
          vaults_room_hallway, hangedman_vaults_capsules,
          ontoclasm_vaults_gateway, vaults_room_corners,
          layout_vaults_maze_bifur
Vaults:3: hangedman_vaults_corner_blocks, minmay_crypt_entry_simple_box,
          vaults_dpeg_emergency_exit, nicolae_vaults_variable_pillar_hall,
          nicolae_vaults_stairing_the_circle, nicolae_vaults_network_periphery,
          nicolae_vaults_big_ls, vaults_dpeg_cross, hangedman_vaults_unwind,
          nicolae_vaults_trapezoid_layered, nicolae_vaults_house_1,
          hangedman_vaults_stretched_pinwheel, nicolae_vaults_little_squares_2,
          hangedman_vaults_stretched_pinwheel, layout_vaults_omnibox,
          nicolae_trove_entry_columns
Vaults:4: st_greater_box_4, v_rooms_4, nicolae_vaults_trapezoid_3,
          nicolae_vaults_offset_grid_hallway_1, vaults_room_hallway,
          v_alt_pattern_3, ontoclasm_vaults_bender,
          nicolae_vaults_surprise_closet, nicolae_vaults_trapezoid_2,
          layout_vaults_chaotic_city, serial_shops, shop
Vaults:5
Crypt:1:  layout_gridlike, minicrypt_bobbens, grunt_crypt_arrival_webbed,
          uniq_zenata, uniq_frederick, uniq_margery
Crypt:2:  layout_misc_corridors
Crypt:3:  due_elkab, layout_chaotic_city, basic_altar
Tomb:1
Tomb:2
Tomb:3
Depths:1: nicolae_aperiodic_l_corner, layout_basic, grunt_decor_mini_mirrors,
          hell_entry, kennysheep_underground_church
Depths:2: emtedronai_trogs_sanctum, layout_gridlike, hell_entry,
          rand_demon_pan_entry_8, minmay_alternating_orb
Depths:3: due_jory_tower, layout_cave_pools, serial_shops,
          nicolae_stop_n_shop_1, minmay_misc_feat_room, grunt_pan_entry_spiral,
          hell_entry, abyss_entry, uniq_josephina
Depths:4: evilmike_zot_entry_basic, layout_cave_shapes, enter_ziggurat_f,
          grunt_hell_horde, corexii_corridor_pit, nicolae_integral_box,
          uniq_sojobo
Hell
Dis:1:    layout_jigsaw
Dis:2:    layout_regular_city
Dis:3:    layout_gridville
Dis:4:    layout_gridville
Dis:5:    layout_subdivisions
Dis:6:    nicolae_dis_hell_towers
Dis:7:    dis_st
Geh:1:    nicolae_geh_erupted_tower, layout_gehenna_lava_caves
Geh:2:    layout_gehenna_lava_caves
Geh:3:    layout_gehenna_pools_basic
Geh:4:    layout_gehenna_pools_triple
Geh:5:    layout_gehenna_lava_caves
Geh:6:    layout_gehenna_pools_triple, nicolae_hells_fiendish_ambush
Geh:7:    geh_old
Coc:1:    layout_ice_bergs
Coc:2:    layout_ice_bergs
Coc:3:    nicolae_coc_three_mouths, layout_cocytus_delve
Coc:4:    nicolae_coc_city_of_iceburg
Coc:5:    layout_cocytus_water_paths
Coc:6:    layout_cocytus_delve
Coc:7:    coc_hangedman
Tar:1:    layout_grid_maze, nicolae_tar_four_comb_rooms
Tar:2:    layout_catacombs
Tar:3:    layout_cathedral_of_symmetry, nicolae_tar_windowcombs
Tar:4:    layout_cathedral_of_symmetry, nicolae_tar_cuneiform_bird
Tar:5:    layout_grid_maze
Tar:6:    layout_honeycomb
Tar:7:    tar_old
Zot:1:    layout_onion_interference, uniq_tiamat, uniq_parghit
Zot:2:    layout_twisted_circle
Zot:3:    layout_twisted_circle
Zot:4:    hangedman_snap_crack_crunch, layout_onion_interference,
          st_small_dragon_hoard_5, st_stairs_4
Zot:5:    layout_cathedral_of_symmetry, nicolae_zig_zag_zippers

Skill      XL: |  1  2  3  4  5  6  7  8  9 10 11 12 13 14 15 16 17 18 19 20 21 22 23 24 25 26 27 |
---------------+----------------------------------------------------------------------------------+-----
Fighting       | 1 2 3 4 5 6 7 8 9 10 11 12 13 14 15 16 17 18 19 27 | 27.0
Dodging        | 2 3 4 5 6 7 8 9 10 11 24 | 24.2
Unarmed Combat | 4 5 6 8 9 11 12 14 15 17 18 20 21 22 23 24 26 27 | 27.0
Shapeshifting  | 4 5 6 7 8 9 10 11 12 13 14 15 16 17 19 22 23 25 27 | 27.0
Shields        | 1 7 10 12 14 16 24 | 24.9
Armour         | 11 12 14 25 | 25.4

Action                     |  1- 3 |  4- 6 |  7- 9 | 10-12 | 13-15 | 16-18 | 19-21 | 22-24 | 25-27 || total
---------------------------+-------+-------+-------+-------+-------+-------+-------+-------+-------++-------
  Melee: Unarmed           |    66 |   104 |   255 |   492 |  1062 |   827 |  1247 |  1493 |  7814 || 13360
         Punch             |     1 |     1 |     7 |     5 |     8 |    62 |       |       |       ||    84
         Constrict         |       |       |       |    46 |   200 |       |       |       |       ||   246
 Invoke: Serpent's Lash    |       |       |       |     6 |     2 |     8 |     4 |     6 |    29 ||    55
         Heavenly Storm    |       |       |       |       |       |       |     1 |     1 |     6 ||     8
Ability: Lunge             |       |       |    23 |    49 |    97 |   101 |    99 |   111 |   676 ||  1156
         Whirlwind         |       |       |     5 |    95 |   144 |    97 |   230 |   300 |  1518 ||  2389
         Wall Jump         |       |       |       |       |       |     1 |     2 |       |     2 ||     5
         Siphon Essence    |       |       |       |       |       |       |       |       |     2 ||     2
  Evoke: Wand              |       |       |       |       |       |       |       |       |     2 ||     2
    Use: Scroll            |     3 |     1 |     2 |     2 |    16 |     7 |     4 |    13 |    35 ||    83
         Potion            |       |     1 |     5 |     7 |     1 |     2 |     2 |     2 |    10 ||    30
   Stab: Sleeping          |       |     2 |     1 |       |     1 |       |       |       |       ||     4
         Distracted        |       |       |       |     2 |       |     1 |       |       |     1 ||     4
         Invisible         |       |       |       |       |       |       |       |       |    11 ||    11
 Armour: Animal skin       |    29 |    70 |       |       |       |       |       |       |       ||    99
         Robe              |       |     5 |   163 |    96 |       |       |       |       |       ||   264
         Skin              |       |       |     1 |   113 |   581 |   876 |   888 |   881 |       ||  3340
         Gold dragon scale |       |       |       |       |       |       |       |   218 |  3554 ||  3772
  Dodge: Dodged            |    23 |    41 |   128 |   268 |   636 |   629 |   674 |   384 |  1054 ||  3837
  Block: Kite shield       |       |       |       |       |       |    94 |   861 |   746 |  1211 ||  2912
         Tower shield      |       |       |       |       |       |       |       |       |  2368 ||  2368
   Form: Flux              |       |       |       |     1 |       |       |       |       |       ||     1
         Serpent           |       |       |       |     1 |       |       |       |       |       ||     1
         Statue            |       |       |       |       |     1 |       |       |     2 |       ||     3
         Death             |       |       |       |       |       |       |       |     3 |     4 ||     7
                           |       |       |       |       |       |       |       |       |     4 ||     4
